 Dungeon Crawl Stone Soup version 0.31-a0-117-g42d8f58691 (webtiles) character file.

Game seed: 9952401305719137304

44597 porpoise the Markskobold (level 14, -1/92 HPs)
             Began as a Kobold Hunter on May 31, 2023.
             Was a High Priest of Dithmenos.
             Slain by Jorgrun
             ... wielding a +0 heavy quarterstaff
              (26 damage)
             ... on level 2 of the Orcish Mines.
             The game lasted 01:20:19 (24871 turns).

porpoise the Markskobold (Kobold Hunter)           Turns: 24871, Time: 01:20:20

Health: -1/92      AC: 15    Str:  8    XL:     14   Next: 66%
Magic:  19/19      EV: 21    Int: 12    God:    Dithmenos [*****.]
Gold:   886        SH:  0    Dex: 22    Spells: 13/13 levels left

rFire   + . .        a - +4 orcbow (flame)
rCold   + . .        (shield currently unavailable)
rNeg    . . .        U - +2 ring mail {rF+}
rPois   .            m - +0 helmet
rElec   .            k - +0 cloak
rCorr   .            e - +2 pair of gloves
SInv    .            B - +0 pair of boots
Will    +....        o - amulet of the acrobat Stlth *+++++++++
                     L - ring of protection from cold
HPRegen 0.35/turn    y - +5 ring of evasion
MPRegen 0.16/turn

%: acrobat
@: grasped by roots, wreathed by umbra, constricted
A: small, no large weapons, nightstalker 3
a: Renounce Religion, Shadow Step, Shadow Form


You were on level 2 of the Orcish Mines.
You worshipped Dithmenos.
Dithmenos was extremely pleased with you.
You visited 4 branches of the dungeon, and saw 20 of its levels.
You also visited: Sewer, Ossuary and Gauntlet.

You collected 1484 gold pieces.
You spent 598 gold pieces at shops.

Inventory:

Hand Weapons
 a - a +4 orcbow of flaming (weapon)
 b - a +3 short sword of electrocution
Missiles
 h - 2 throwing nets
 j - 11 curare-tipped darts
Armour
 e - a +2 pair of gloves (worn)
 k - a +0 cloak (worn)
 m - a +0 helmet (worn)
 r - a +4 ring mail
 B - a +0 pair of boots (worn)
 U - a +2 ring mail of fire resistance (worn)
Jewellery
 o - an amulet of the acrobat (around neck)
 y - a +5 ring of evasion (right hand)
 L - a ring of protection from cold (left hand)
 N - a ring of see invisible
Wands
 l - a wand of charming (7)
 p - a wand of flame (6)
 K - a wand of polymorph (4)
 O - a wand of iceblast (16)
 P - a wand of acid (8)
Scrolls
 i - 2 scrolls of vulnerability
 n - 7 scrolls of teleportation
 s - 2 scrolls of poison
 u - a scroll of summoning
 x - 3 scrolls of identify
 C - 2 scrolls of fog
 D - 2 scrolls of fear
 Q - a scroll of blinking
 S - a scroll of magic mapping
Potions
 c - 3 potions of might
 d - 2 potions of resistance
 f - a potion of heal wounds
 g - 2 potions of berserk rage
 q - 3 potions of invisibility
 t - 4 potions of lignification
 v - 3 potions of enlightenment
 E - 9 potions of curing
 F - 2 potions of haste
 G - 2 potions of ambrosia
 I - 3 potions of attraction
Miscellaneous
 M - a phantom mirror


   Skills:
 - Level 12.0 Fighting
 - Level 10.0 Short Blades
 - Level 16.0 Ranged Weapons
 - Level 7.0 Armour
 + Level 10.7 Dodging
 - Level 14.0 Stealth
 - Level 7.0 Invocations
 - Level 5.0 Evocations


You had 13 spell levels left.
You didn't know any spells.
Your spell library contained the following spells:

 Spells                   Type           Power      Damage    Failure   Level
 Shock                    Conj/Air       0%         1d3       65%         1
 Scorch                   Fire           0%         2d5       78%         2
 Sublimation of Blood     Necr           0%         N/A       78%         2
 Wereblood                Tmut           0%         N/A       78%         2
 Stone Arrow              Conj/Erth      0%         3d7       95%         3
 Animate Armour           Summ/Erth      0%         N/A       100%        4
 Animate Dead             Necr           0%         N/A       100%        4
 Flame Wave               Conj/Fire      0%         2d4       100%        4
 Iskenderun's Mystic Bla  Conj/Tloc      0%         2d3       100%        4
 Borgnjor's Vile Clutch   Necr/Erth      0%         N/A       100%        5
 Fireball                 Conj/Fire      0%         3d3       100%        5
 Death Channel            Necr           0%         N/A       100%        6
 Summon Cactus Giant      Summ           0%         N/A       100%        6
 Spellforged Servitor     Conj/Summ      0%         N/A       100%        7
 Summon Hydra             Summ           0%         N/A       100%        7
 Lehudib's Crystal Spear  Conj/Erth      0%         10d2      100%        8


Dungeon Overview and Level Annotations

Branches:
Dungeon (13/15)            Temple (1/1) D:5            Lair (4/5) D:11
 Shoals (0/4) Lair:3       Spider (0/4) Lair:3        Slime (0/5) Lair:4
    Orc (2/2) D:11            Elf (0/3) Orc:2         Sewer (visited)
Ossuary (visited)         Gauntlet (visited)
 Vaults: D:13-14

Altars:
Ashenzari
Cheibriados
Dithmenos
Elyvilon
Fedhas
Gozag
Hepliaklqana
Kikubaaqudgha
Makhleb
Nemelex Xobeh
Okawaru
Qazlal
Ru
Sif Muna
Trog
Uskayaw
Vehumet
Wu Jian
Xom
Yredelemnul
Zin
The Shining One
Jiyva

Shops:
D:1 !   D:3 ?!::   D:10 ?   Orc:1 **

Annotations:
D:8 1 runed translucent door, Licon's ghost, novice DgFi
D:9 2 runed translucent doors, 2 transporters
D:11 exclusion: obsidian statue
Orc:2 Jorgrun


Innate Abilities, Weirdness & Mutations

You are small and have problems with some larger weapons.
You are completely attuned to the shadows.


Message History

You shoot an arrow. The arrow hits Jorgrun.
The arrow burns Jorgrun.
Jorgrun is severely wounded.
Your shadow shoots an arrow.
The arrow hits Jorgrun.
Jorgrun gestures next to you while chanting.
The wall shatters!
The blast of rock fragments hits you!!
Your limbs are stiffening.
Unknown command.
You shoot an arrow. The arrow hits Jorgrun!
The arrow burns Jorgrun.
Jorgrun is almost dead.
Jorgrun gestures at you while chanting.
Your limbs have turned to stone.
You have turned to stone.
Jorgrun hits you but does no damage. Jorgrun gestures at you while chanting.
The entropic shot hits you!
Jorgrun hits you with a +0 heavy quarterstaff!!
Jorgrun gestures at you while chanting.
Roots burst forth from the earth!
The grasping roots grab you! The grasping roots constrict you!
Jorgrun hits you with a +0 heavy quarterstaff!
The grasping roots constrict you!
Jorgrun gestures next to you while chanting.
The wall shatters!
The blast of rock fragments hits you but does no damage.
The grasping roots constrict you.
You hear a shout! x2
Jorgrun says, "'tis place shall be yer tomb!"
Jorgrun gestures at you while chanting. The grasping roots constrict you!
* * * LOW HITPOINT WARNING * * *
You turn to flesh and can move again.
Okay, then.
You are too injured to fight recklessly!
Fire: a) +4 orcbow (flame)
Press: ? - help, Q - select action, (/) - cycle Shift-Dir - straight line, f/p - Jorgrun
Aim: Jorgrun, wielding a +0 heavy quarterstaff and wearing a +0 robe (almost dead, umbra, 62% to hit)
You shoot an arrow. The arrow hits Jorgrun.
The arrow burns Jorgrun.
Jorgrun is almost dead.
Jorgrun hits you with a +0 heavy quarterstaff!!
You die...

..........................
........#.#..............#
.....#.##.................
#.....###....#............. .
##......##.................. ..
#......#....................
.#.##..........................
............#g[$...............
...##..#....##@...........#....
.. ####...####[...............
# #...## #..........#......
##...####................
##.....##..[..............
#.......#.................
##.#......................
##.#...............#.....
#...#....................


You could see Jorgrun.

Vanquished Creatures
  Gastronok (D:12)
  A quicksilver ooze (Gauntlet)
  Nessos (Lair:4)
  Snorg (Orc:2)
  A minotaur (Gauntlet)
  4 hydras
  Harold (Orc:2)
  A boulder beetle (Lair:4)
  Sonja (Lair:4)
  A skyshark (Lair:3)
  2 glowing orange brains (Gauntlet)
  2 orc knights
  An ugly thing (Gauntlet)
  4 orc sorcerers
  A manticore (D:11)
  3 cyclopes
  5 elephants (Lair:3)
  A black mamba (Lair:2)
  The ghost of ZoeForever1 the Magician, a novice DEAE of Qazlal (D:6)
  A torpor snail (Lair:3)
  9 cane toads
  A gargoyle (D:11)
  2 rime drakes
  2 unseen horror zombies (D:8)
  4 komodo dragons
  2 trolls
  A wolf spider simulacrum (Gauntlet)
  10 blink frogs
  Sigmund (D:2)
  A centaur simulacrum (Gauntlet)
  2 wraiths
  A shadow (D:11)
  41 yaks
  7 wyverns
  A vampire (D:11)
  2 basilisks
  2 redbacks (Lair:3)
  2 wargs
  2 steam dragons (D:10)
  2 acid dragons
  7 water moccasins
  11 orc warriors
  An ice beast (D:6)
  3 black bears
  A hornet zombie (D:8)
  A sky beast (D:6)
  5 ogres
  18 wolves
  14 centaurs
  2 kobold brigands
  16 bullfrogs
  2 gnoll sergeants
  2 scorpions
  3 wyvern zombies
  2 water moccasin zombies (Ossuary)
  15 wights
  36 killer bees
  2 electric eels (Lair:3)
  A wyvern simulacrum (Gauntlet)
  4 howler monkeys
  3 bullfrog zombies (Ossuary)
  2 hounds (D:4)
  5 jellies
  5 centaur zombies
  Crazy Yiuf (D:2)
  13 orc priests
  An iguana (D:5)
  18 mummies (Ossuary)
  A sleepcap (D:5)
  Terence (D:2)
  Natasha (thrice) (D:2)
  18 orc wizards
  2 howler monkey zombies (D:8)
  7 gnolls
  2 river rats (Sewer)
  7 adders
  2 shadow imps
  2 worms
  4 dart slugs (D:1)
  53 orcs
  17 endoplasms
  8 giant cockroaches
  8 goblins
  4 hobgoblins
  5 quokkas
  10 ball pythons
  10 bats
  7 frilled lizards
  19 kobolds
  17 rats
530 creatures vanquished.

Vanquished Creatures (others)
  A kobold (D:10)
1 creature vanquished.

Grand Total: 531 creatures vanquished

Notes
Turn   | Place    | Note
-------+----------+-------------------------------------------
     0 | D:1      | porpoise the Kobold Hunter began the quest for the Orb.
     0 | D:1      | Reached XP level 1. HP: 12/12 MP: 1/1
    98 | D:1      | Reached XP level 2. HP: 18/18 MP: 2/2
   290 | D:1      | Reached XP level 3. HP: 22/22 MP: 3/3
   330 | D:1      | Found Aphy's Distillery.
   333 | D:1      | Bought a potion of heal wounds for 60 gold pieces
   353 | D:1      | Reached skill level 6 in Ranged Weapons
   621 | D:2      | Noticed Sigmund
   628 | D:2      | Killed Sigmund
   629 | D:2      | Reached skill level 7 in Ranged Weapons
   629 | D:2      | Reached XP level 4. HP: 18/28 MP: 4/4
   629 | D:2      | Reached XP level 5. HP: 21/32 MP: 5/5
   629 | D:2      | Reached XP level 6. HP: 25/37 MP: 6/6
   873 | D:2      | Found a runed translucent door.
   876 | D:2      | Noticed Crazy Yiuf
   889 | D:2      | Killed Crazy Yiuf
  1191 | D:2      | Noticed Natasha
  1196 | D:2      | Killed Natasha
  1620 | D:2      | Noticed Terence
  1626 | D:2      | Killed Terence
  1635 | D:2      | Noticed Natasha
  1639 | D:2      | Killed Natasha
  1640 | D:2      | Reached skill level 8 in Ranged Weapons
  1752 | D:3      | Found a faded altar of an unknown god.
  1790 | D:3      | Found Yddadwu's Distillery.
  1812 | D:3      | Found a glowing drain.
  1816 | Sewer    | Entered a sewer
  1910 | Sewer    | Reached XP level 7. HP: 26/43 MP: 7/7
  2027 | Sewer    | Reached skill level 5 in Stealth
  2051 | Sewer    | Found a viscous altar of Jiyva.
  2478 | D:3      | Found Caseh's Book Emporium.
  2553 | D:3      | Found Woaluope's Book Shoppe.
  2708 | D:3      | Found Jaoxkiylab's Magic Scroll Shoppe.
  2718 | D:3      | Bought 3 scrolls of identify for 66 gold pieces
  2738 | D:3      | Reached skill level 9 in Ranged Weapons
  2917 | D:3      | Found a shimmering blue altar of Sif Muna.
  3478 | D:4      | Reached XP level 8. HP: 45/48 MP: 8/8
  3719 | D:4      | Found a bloodstained altar of Trog.
  3735 | D:4      | Reached skill level 5 in Fighting
  4221 | D:5      | Entered Level 5 of the Dungeon
  4318 | D:5      | Found a staircase to the Ecumenical Temple.
  4325 | Temple   | Entered the Ecumenical Temple
  4736 | Temple   | Became a worshipper of Dithmenos the Shadowed
  4937 | D:5      | Found a blossoming altar of Fedhas.
  5204 | D:5      | Reached skill level 10 in Ranged Weapons
  5892 | D:6      | Found a runed translucent door.
  5898 | D:6      | Noticed ZoeForever1's ghost (novice DEAE)
  5932 | D:6      | Killed ZoeForever1's ghost
  5933 | D:6      | Reached skill level 11 in Ranged Weapons
  5933 | D:6      | Reached XP level 9. HP: 22/55 MP: 9/9
  6127 | D:6      | Found a runed translucent door.
  6155 | D:6      | Reached skill level 12 in Ranged Weapons
  6224 | D:6      | Found a sand-covered staircase.
  6235 | Ossuary  | Entered an ossuary
  6421 | Ossuary  | Reached skill level 1 in Armour
  6524 | Ossuary  | Reached * piety under Dithmenos
  6534 | Ossuary  | Reached skill level 13 in Ranged Weapons
  7307 | D:7      | Reached XP level 10. HP: 55/63 MP: 10/10
  7537 | D:7      | Reached skill level 14 in Ranged Weapons
  8882 | D:7      | Reached skill level 15 in Ranged Weapons
  9021 | D:8      | Reached ** piety under Dithmenos
  9775 | D:8      | Found a runed translucent door.
  9776 | D:8      | Found a shimmering altar of Xom.
  9776 | D:8      | Noticed Licon's ghost (novice DgFi)
  9777 | D:8      | Noticed a +2 short sword of chaos
  9820 | D:8      | Reached skill level 16 in Ranged Weapons
  9952 | D:8      | Reached skill level 5 in Armour
  9952 | D:8      | Reached skill level 1 in Invocations
  9955 | D:8      | Reached XP level 11. HP: 61/67 MP: 11/11
 10552 | D:9      | Found a large runed translucent door.
 10553 | D:9      | Found a large runed translucent door.
 10666 | D:9      | Found a transporter.
 10667 | D:9      | Found a transporter.
 10743 | D:9      | Reached skill level 5 in Dodging
 11221 | D:9      | Noticed a cyclops
 11235 | D:10     | Entered Level 10 of the Dungeon
 11758 | D:10     | Reached *** piety under Dithmenos
 11983 | D:10     | Reached skill level 1 in Short Blades
 12182 | D:10     | Found a hazy altar of Hepliaklqana.
 12185 | D:10     | Found Ibuaqag's Magic Scroll Shop.
 13272 | D:11     | Noticed a manticore
 13279 | D:11     | Killed a manticore
 13677 | D:11     | Found a staircase to the Lair.
 13718 | D:11     | Reached skill level 5 in Short Blades
 13884 | D:11     | Noticed an obsidian statue
 13886 | D:11     | Noticed a cyclops
 13896 | D:11     | Killed a cyclops
 14004 | D:11     | You fall into a shaft and drop 2 floors!
 14010 | D:13     | Noticed a cyclops
 14063 | D:12     | Noticed Gastronok
 14070 | D:12     | Noticed a cyclops
 14081 | D:12     | Killed Gastronok
 14082 | D:12     | Reached XP level 12. HP: 76/76 MP: 14/14
 14088 | D:12     | Reached skill level 1 in Evocations
 14284 | D:11     | Found a staircase to the Orcish Mines.
 14944 | Lair:1   | Entered Level 1 of the Lair of Beasts
 15447 | Lair:1   | Reached **** piety under Dithmenos
 15616 | Lair:1   | Reached skill level 10 in Short Blades
 16690 | Lair:2   | Found a gate leading to a gauntlet.
 16696 | Gauntlet | Entered a Gauntlet
 16705 | Gauntlet | Found a large runed translucent door.
 16706 | Gauntlet | Found a large runed translucent door.
 16707 | Gauntlet | Found a large runed translucent door.
 16707 | Gauntlet | Found a large runed translucent door.
 16708 | Gauntlet | Found a large runed translucent door.
 16709 | Gauntlet | Found a large runed translucent door.
 16710 | Gauntlet | Found a large runed translucent door.
 16710 | Gauntlet | Found a large runed translucent door.
 16711 | Gauntlet | Noticed a glowing orange brain
 16719 | Gauntlet | Found a runed translucent gate.
 16720 | Gauntlet | Noticed a quicksilver ooze
 16735 | Gauntlet | Found a transporter.
 16759 | Gauntlet | Found a large runed translucent door.
 16759 | Gauntlet | Found a large runed translucent door.
 16760 | Gauntlet | Found a large runed translucent door.
 16761 | Gauntlet | Found a large runed translucent door.
 16762 | Gauntlet | Found a large runed translucent door.
 16762 | Gauntlet | Found a large runed translucent door.
 16763 | Gauntlet | Found a large runed translucent door.
 16764 | Gauntlet | Found a large runed translucent door.
 16785 | Gauntlet | Found a transporter.
 16799 | Gauntlet | Found a transporter.
 16850 | Gauntlet | Found a transporter.
 16872 | Gauntlet | Found a transporter.
 16872 | Gauntlet | Found a transporter.
 16881 | Gauntlet | Noticed an entropy weaver
 16887 | Gauntlet | Found a transporter.
 16887 | Gauntlet | Found a transporter.
 16898 | Gauntlet | Found a transporter.
 16898 | Gauntlet | Found a transporter.
 16901 | Gauntlet | Found a runed translucent door.
 16901 | Gauntlet | Found a runed translucent door.
 16912 | Gauntlet | Noticed a glowing orange brain
 16921 | Gauntlet | Found the necklace of Bloodlust {Fury *Rage Will++ Int-3
                  | Slay+6}
 17070 | Gauntlet | Found a runed translucent gate.
 17070 | Gauntlet | Found a runed translucent gate.
 17072 | Gauntlet | Found a transporter.
 17095 | Gauntlet | Killed a glowing orange brain
 17096 | Gauntlet | Reached skill level 5 in Evocations
 17110 | Gauntlet | Noticed a fire crab
 17110 | Gauntlet | Noticed a tengu warrior
 17113 | Gauntlet | Killed a glowing orange brain
 17154 | Gauntlet | Found a transporter.
 17194 | Gauntlet | Killed a quicksilver ooze
 17195 | Gauntlet | Reached skill level 10 in Stealth
 17385 | Gauntlet | Identified the +0 pair of boots of Fun and Games {Fly Will-
                  | rCorr Str+3}
 17414 | Gauntlet | Noticed a minotaur
 17431 | Gauntlet | Killed a minotaur
 17432 | Gauntlet | Reached XP level 13. HP: 10/80 MP: 16/16
 17756 | Gauntlet | Got Kyesh's Vademecum on Plutonic Momentum
 17799 | Lair:2   | Noticed an eight-headed hydra
 17809 | Lair:2   | Killed an eight-headed hydra
 17810 | Lair:2   | Reached skill level 5 in Invocations
 18296 | Lair:2   | Noticed a seven-headed hydra
 18306 | Lair:2   | Killed a seven-headed hydra
 18610 | Lair:2   | Reached skill level 10 in Fighting
 19931 | Lair:3   | Reached ***** piety under Dithmenos
 20251 | Lair:3   | Found a hole to the Spider Nest.
 20601 | Lair:3   | Found a staircase to the Shoals.
 21040 | Lair:4   | Noticed a five-headed hydra
 21064 | Lair:4   | Killed a five-headed hydra
 21065 | Lair:4   | Reached XP level 14. HP: 55/90 MP: 19/19
 21349 | Lair:4   | Noticed Sonja
 21351 | Lair:4   | Killed Sonja
 21528 | Lair:4   | Found a hide-covered altar of Uskayaw.
 21528 | Lair:4   | Found an ornate altar of the Wu Jian Council.
 22086 | Lair:4   | Found a viscous altar of Jiyva.
 22088 | Lair:4   | Noticed Nessos
 22090 | Lair:4   | Found a staircase to the Slime Pits.
 22093 | Lair:4   | Killed Nessos
 22874 | D:2      | Noticed Natasha
 22875 | D:2      | Killed Natasha
 22900 | D:1      | Bought a potion of heal wounds for 60 gold pieces
 22900 | D:1      | Bought 2 potions of curing for 72 gold pieces
 22900 | D:1      | Bought 2 potions of berserk rage for 120 gold pieces
 22968 | D:3      | Bought a potion of curing for 30 gold pieces
 22968 | D:3      | Bought a potion of haste for 100 gold pieces
 22968 | D:3      | Bought a potion of curing for 30 gold pieces
 22968 | D:3      | Bought a potion of curing for 30 gold pieces
 22968 | D:3      | Bought a potion of curing for 30 gold pieces
 23172 | Orc:1    | Entered Level 1 of the Orcish Mines
 23207 | Orc:1    | Found Reroett's General Store.
 23207 | Orc:1    | Found Fibapn Osid's Specific Store.
 23262 | Orc:2    | Entered Level 2 of the Orcish Mines
 23349 | Orc:2    | Noticed Snorg
 23361 | Orc:2    | Killed Snorg
 24153 | Orc:2    | Found a staircase to the Elven Halls.
 24192 | Orc:1    | Noticed Harold
 24219 | Orc:2    | Killed Harold
 24396 | Orc:1    | Reached skill level 10 in Dodging
 24803 | Orc:2    | Paralysed by an orc sorcerer for 4 turns
 24851 | Orc:1    | Noticed Jorgrun
 24871 | Orc:2    | Slain by Jorgrun

Illustrated notes

Levels and vault maps discovered:
D:1:      lemuel_arrival_lava_pool, layout_rooms, serial_shops,
          nicolae_shop_real_fake_doors, dreamdust_mushroom_princess
D:2:      layout_basic, uniq_terence, uniq_natasha, uniq_crazy_yiuf_cottage,
          uniq_sigmund
D:3:      layout_loops_ring, mainiacjoe_overflow_six_doors_small, serial_shops,
          nicolae_shop_hallway_stairs, nicolae_shop_window_shopping, shop, shop,
          hellmonk_ecumenical_altar_pennies_from_heaven, gup_sewer_entry_bowl,
          hex_tiny, hangedman_decor_opposing, saegor_snake_ambush
D:4:      layout_loops_ring, amcnicky_altar_gilded
D:5:      layout_basic, general_overflow_altar, minmay_temple_entry_arrows,
          kennysheep_donut
D:6:      layout_loops_cross, chequers_ossuary_entry_cave, ebering_ghost_sewer_f
D:7:      layout_basic, serial_glass, glass_columns_a, glass_columns_c,
          grunt_ministairs_15, dreamdust_princess_bridge
D:8:      layout_gridville, serial_undead, serial_undead_f, serial_undead_a,
          serial_undead_f, serial_undead_c, ebering_ghost_xom, enter_bailey_4,
          hangedman_decor_riveting
D:9:      gammafunk_beogh_shrine, layout_basic, ebering_ghost_disaster_area
D:10:     layout_layer_cave, kennysheep_mini, serial_shops, shop
D:11:     minmay_statue_hallways, layout_basic, lair_entry_dummy,
          minmay_orc_entry_temple_small
D:12:     layout_roguey, uniq_nergalle, uniq_gastronok, uniq_rupert
D:13:     minmay_cut_squares, layout_layer_cave, minmay_crystal_box
Temple:   hc_temple_tempest_star
Lair:1:   wad_woods_minihive, layout_gridlike
Lair:2:   layout_hall_layers, gauntlet_entry_generic, serial_forest,
          infiniplex_forest_end_2, infiniplex_forest_straight_2,
          infiniplex_forest_straight_5, infiniplex_forest_lined_2,
          infiniplex_forest_end_2, infiniplex_forest_lined_3, lemuel_fruit_tree
Lair:3:   layout_gridlike, minmay_shoals_entry_centaurs, spider_nest_entry_webs,
          beast_lair_carwin_5, infiniplex_staircase_pool
Lair:4:   layout_roguey, slime_entry_1, nzn_masters_of_martial_movement,
          grunt_megastairs_4, uniq_sonja, uniq_nessos
Orc:1:    layout_caves, basic_altar, nicolae_specific_store, uniq_jorgrun,
          uniq_harold
Orc:2:    st_orc_town, layout_caves, uniq_snorg

Skill      XL: |  1  2  3  4  5  6  7  8  9 10 11 12 13 14 |
---------------+-------------------------------------------+-----
Stealth        | 2 4 6 7 10 13 14 | 14.0
Ranged Weapons | 7 8 9 11 13 16 | 16.0
Fighting       | 3 4 6 7 9 11 12 | 12.0
Armour         | 2 5 6 7 |  7.0
Invocations    | 1 3 4 7 |  7.0
Dodging        | 7 10 | 10.7
Short Blades   | 7 10 | 10.0
Evocations     | 5 |  5.0

Action                     |  1- 3 |  4- 6 |  7- 9 | 10-12 | 13-15 || total
---------------------------+-------+-------+-------+-------+-------++-------
  Melee: Shortbow          |       |       |     4 |     1 |       ||     5
         Short sword       |       |       |    12 |    24 |     2 ||    38
         Punch             |       |       |       |     1 |       ||     1
   Fire: Shortbow          |    84 |   105 |   479 |    65 |       ||   733
         Orcbow            |       |       |       |   812 |   650 ||  1462
  Throw: Dart              |       |       |     2 |    13 |     3 ||    18
  Evoke: Wand              |       |       |       |       |     2 ||     2
    Use: Scroll            |       |     4 |    16 |     7 |     2 ||    29
         Potion            |       |     1 |     1 |     6 |       ||     8
   Stab: Invisible         |       |       |       |     1 |       ||     1
         Sleeping          |       |       |       |       |     2 ||     2
 Armour: Leather armour    |     9 |     9 |    34 |    31 |       ||    83
         Ring mail         |       |       |       |    47 |   121 ||   168
         Steam dragon scal |       |       |       |     3 |       ||     3
         Troll leather arm |       |       |       |     4 |       ||     4
  Dodge: Dodged            |    33 |    33 |   197 |   629 |   495 ||  1387

Table legend: (Time is in decaauts)
 A = Elapsed time spent in this place.
 B = Non-inter-level travel time spent in this place.
 C = Inter-level travel time spent in this place.
 D = Time resting spent in this place.
 E = Time spent auto-exploring this place.
 F = Levels seen in this place.
 G = Mean time per level.
                   A        B        C        D        E       F      G
               +--------+--------+--------+--------+--------+-----+--------+
         Total |  24671 |  23230 |   1441 |   5928 |  12825 |  23 | 1072.7 |
       Dungeon |  14429 |  13302 |   1127 |   2974 |   8335 |  13 | 1109.9 |
        Temple |    431 |    384 |     47 |      0 |    367 |   1 |  431.0 |
          Lair |   6583 |   6317 |    266 |   1558 |   3665 |   4 | 1645.8 |
  Orcish Mines |   1115 |   1115 |      0 |    493 |    230 |   2 |  557.5 |
         Sewer |    489 |    489 |      0 |    194 |     30 |   1 |  489.0 |
       Ossuary |    571 |    571 |      0 |    181 |     23 |   1 |  571.0 |
      Gauntlet |   1050 |   1050 |      0 |    527 |    174 |   1 | 1050.0 |
               +--------+--------+--------+--------+--------+-----+--------+

Top non-repeatable levels by time:
    D:11: 2184 daAuts
  Lair:1: 1830 daAuts
  Lair:2: 1720 daAuts
     D:7: 1697 daAuts
    D:10: 1684 daAuts
  Lair:3: 1520 daAuts
  Lair:4: 1512 daAuts
     D:8: 1377 daAuts
     D:3: 1308 daAuts
     D:2: 1177 daAuts
     D:6: 1156 daAuts
     D:9: 1154 daAuts
Gauntlet: 1050 daAuts
     D:5: 929 daAuts
     D:4: 848 daAuts
